 Dungeon Crawl Stone Soup version 0.31-a0-237-g2d982f9f85 (webtiles) character file.

Game seed: 16095920591954953321

401 qw the Shooter (level 6, -4/38 HPs)
             Began as a Gargoyle Hexslinger on July 10, 2023.
             Was an Initiate of Okawaru.
             Slain by a lemure (8 damage)
             ... led by Pikel
             ... on level 5 of the Dungeon.
             The game lasted 00:01:29 (2736 turns).

qw the Shooter (Gargoyle Hexslinger)                Turns: 2736, Time: 00:01:29

Health: -4/38      AC:  6    Str: 11    XL:     6   Next: 85%
Magic:  7/7        EV: 15    Int: 14    God:    Okawaru [......]
Gold:   124        SH:  0    Dex: 14    Spells: 6/7 levels left

rFire   . . .        Y - +2 sling (elec)
rCold   + . .        (no shield)
rNeg    + . .        e - +0 ring mail
rPois   inf          (helmet restricted)
rElec   +            (no cloak)
rCorr   .            (no gloves)
SInv    .            g - +0 pair of boots
Will    .....        (no amulet)
Stlth   +            f - +5 ring of evasion
HPRegen 0.26/turn    l - ring of protection from cold
MPRegen 0.10/turn

%: no passive effects
@: corroded
A: sickness immunity, AC +4, negative energy resistance 1, electricity
resistance, torment resistance 1, petrification resistance, antennae 1, wild
magic 1
a: Renounce Religion


You were on level 5 of the Dungeon.
You worshipped Okawaru.
Okawaru was noncommittal.
You visited 2 branches of the dungeon, and saw 6 of its levels.

You collected 124 gold pieces.


Innate Abilities, Weirdness & Mutations

You are immune to sickness and miasma.
Your stone body is resilient. (AC +4)
You are immune to poison.
You resist negative energy. (rN+)
You are resistant to electric shocks. (rElec)
You are resistant to unholy torment.
You are immune to petrification.
You have a pair of small antennae on your head.
Your spells are a little harder to cast, but a little more powerful.


   Skills:
 + Level 3.9 Fighting
 - Level 6.0 Ranged Weapons
 - Level 1.1 Armour
 - Level 1.5 Dodging
 - Level 1.0 Spellcasting
 - Level 2.6 Hexes


You had 6 spell levels left.
You knew the following spells:

 Your Spells              Type           Power      Damage    Failure   Level
a - Slow                  Hex            40%        N/A       28%         1

Your spell library contained the following spells:

 Spells                   Type           Power      Damage    Failure   Level
 Inner Flame              Hex/Fire       5%         N/A       78%         3
 Portal Projectile        Hex/Tloc       10%        N/A       78%         3
 Cause Fear               Hex            5%         N/A       94%         4

Inventory:

Hand Weapons
 Y - a +2 sling of electrocution (weapon)
Armour
 e - a +0 ring mail (worn)
 g - a +0 pair of boots (worn)
Jewellery
 f - a +5 ring of evasion (left hand)
 l - a ring of protection from cold (right hand)
Scrolls
 j - a scroll of identify
Potions
 a - a potion of haste
 b - a potion of curing {unknown}
 c - a potion of mutation
 d - a potion of enlightenment {unknown}
 h - a potion of lignification {unknown}

Dungeon Overview and Level Annotations

Branches:
Dungeon (5/15)             Temple (1/1) D:5

Altars:
Ashenzari
Cheibriados
Dithmenos
Elyvilon
Gozag
Kikubaaqudgha
Makhleb
Okawaru
Qazlal
Ru
Sif Muna
Uskayaw
Vehumet
Wu Jian
Yredelemnul
Zin

Shops:
D:1 *   D:2 (

Annotations:
D:4 5 runed translucent doors, qw's ghost, novice GrHs
D:5 Pikel


Message History

You shoot a sling bullet. The lemure shouts!
The sling bullet hits the lemure.
The lemure is lightly wounded.
The lemure barely misses you.
You shoot a sling bullet.
The sling bullet barely misses the lemure.
The lemure hits you.
You shoot a sling bullet. The sling bullet hits the lemure!
The lemure is heavily wounded.
The lemure barely misses you. The lemure closely misses you.
You shoot a sling bullet.
The sling bullet closely misses the lemure.
The lemure closely misses you.
You shoot a sling bullet.
The sling bullet hits the lemure but does no damage.
Lightning courses through the lemure!!
You kill the lemure!
That felt strangely unrewarding.
Pikel says, "You'll rot in Tartarus!"
Pikel hits you with a +0 whip of flaming!
Pikel burns you.
You shoot a sling bullet.
The sling bullet hits Pikel but does no damage.
Pikel hits you but does no damage. The lemure hits you.
You shoot a sling bullet.
The sling bullet hits Pikel but does no damage.
Pikel closely misses you. The lemure hits you but does no damage.
Pikel hits you with a +0 whip of flaming.
Pikel burns you.
You shoot a sling bullet. The sling bullet hits Pikel.
Lightning courses through Pikel!
Pikel is heavily wounded.
Pikel zaps a wand.
The bolt of acid hits you! The acid corrodes you! The lemure barely misses you.
You shoot a sling bullet.
The sling bullet hits Pikel but does no damage.
Pikel is heavily wounded.
The lemure hits you!
You die...

#.......#
.......#.##.#.#.#.#.#
#.#.........#.......#
#..........##.#.#.#.#
#...........#.......# .#
#.............#.#.#.#
...#....................
.#....¤K5.#.# ######.###
......5@..#.# #.###
#......¤..#.# #....
#####.....#.## #..#.
###.##...# #..#.
#......# #....
####...########.#.
#.........##.##
#...#####.##...
.............#####


You could see Pikel and 2 lemures.

Vanquished Creatures
  2 lemures (D:5)
  A bullfrog (D:4)
  2 orc priests (D:3)
  2 jellies
  Robin (D:2)
  3 gnolls (D:4)
  6 adders
  An ufetubus (D:5)
  A worm (D:2)
  4 dart slugs
  7 orcs
  14 ball pythons
  5 endoplasms
  5 giant cockroaches
  15 goblins
  9 hobgoblins
  4 quokkas
  9 bats
  2 frilled lizards (D:1)
  4 kobolds
  6 rats
103 creatures vanquished.

Notes
Turn   | Place    | Note
-------+----------+-------------------------------------------
     0 | D:1      | qw the Gargoyle Hexslinger began the quest for the Orb.
     0 | D:1      | Reached XP level 1. HP: 12/12 MP: 2/2
     0 | D:1      | 0 ||| qw: Version: 0.3-a-52-g30416fa
     0 | D:1      | 0 ||| qw: Game counter: 5150
     0 | D:1      | 0 ||| qw: Melee chars always use a shield: true
     0 | D:1      | 0 ||| qw: God list: Okawaru
     0 | D:1      | 0 ||| qw: Allow faded altars: false
     0 | D:1      | 0 ||| qw: Do Orc after clearing Dungeon:15 true
     0 | D:1      | 0 ||| qw: Do second Lair branch before Depths: true
     0 | D:1      | 0 ||| qw: Lair rune preference: random
     0 | D:1      | 0 ||| qw: Goals: Normal
     0 | D:1      | 0 ||| PLANNING D:1-11
    88 | D:1      | Reached XP level 2. HP: 16/16 MP: 3/3
   140 | D:1      | Reached skill level 3 in Ranged Weapons
   145 | D:1      | 145 ||| FLEEEEING.
   146 | D:1      | 146 ||| FLEEEEING.
   188 | D:1      | Reached XP level 3. HP: 21/21 MP: 4/4
   476 | D:1      | Found Ixtaah's General Store.
   483 | D:1      | 483 ||| SHOPLISTING potion of curing (36 gold, have 33).
   547 | D:1      | 547 ||| UPGRADING to +0 ring mail.
   557 | D:1      | 557 ||| DROPPING +0 robe.
   558 | D:1      | 558 ||| READING scroll labelled MUMO WACUWK.
   559 | D:1      | 559 ||| READING 2 scrolls labelled LYIRIR ZIBAO.
   560 | D:1      | 560 ||| READING scroll labelled IGIFRI XINIDDE.
   561 | D:1      | 561 ||| DROPPING scroll of poison.
   562 | D:1      | 562 ||| DROPPING scroll of vulnerability.
   587 | D:2      | Reached XP level 4. HP: 26/26 MP: 5/5
   655 | D:2      | Reached skill level 4 in Ranged Weapons
   698 | D:2      | Found a shimmering blue altar of Sif Muna.
   784 | D:2      | Reached skill level 1 in Armour
   800 | D:2      | Found Baahon's Antique Weapon Shoppe.
  1055 | D:2      | 1055 ||| DROPPING amulet of magic regeneration.
  1056 | D:2      | 1056 ||| UPGRADING to +5 ring of evasion.
  1057 | D:2      | 1057 ||| DRINKING 2 bubbling ruby potions.
  1082 | D:3      | Noticed Robin
  1088 | D:3      | 1088 ||| STAIRDANCE
  1096 | D:2      | Reached XP level 5. HP: 18/30 MP: 6/6
  1105 | D:2      | HP: 7/30 [goblin/+0 club[Robin] (2)]
  1205 | D:3      | 1205 ||| STAIRDANCE
  1211 | D:2      | Killed Robin
  1299 | D:2      | 1299 ||| UPGRADING to +0 helmet.
  1307 | D:3      | 1307 ||| STAIRDANCE
  1471 | D:3      | Found a faded altar of an unknown god.
  1525 | D:3      | 1525 ||| Stepping ~*~*~tactically~*~*~ (outnumbered).
  1529 | D:3      | Reached skill level 5 in Ranged Weapons
  2093 | D:3      | 2093 ||| UPGRADING to +0 pair of boots.
  2098 | D:3      | 2098 ||| DRINKING 2 sedimented silvery potions.
  2098 | D:3      | Gained mutation: You have a pair of small antennae on your
                  | head. [potion of mutation]
  2098 | D:3      | Gained mutation: Your spells are a little harder to cast,
                  | but a little more powerful. [potion of mutation]
  2099 | D:3      | 2099 ||| DROPPING +0 helmet.
  2147 | D:4      | Reached skill level 3 in Fighting
  2147 | D:4      | Reached XP level 6. HP: 37/37 MP: 7/7
  2250 | D:4      | Found a runed translucent gate.
  2250 | D:4      | Found a runed translucent gate.
  2250 | D:4      | Found a runed translucent gate.
  2424 | D:4      | Found a large runed translucent door.
  2424 | D:4      | Found a large runed translucent door.
  2431 | D:4      | Reached skill level 6 in Ranged Weapons
  2499 | D:4      | Noticed qw's ghost (novice GrHs)
  2522 | D:4      | Found an opulent altar of Gozag.
  2579 | D:4      | 2579 ||| UPGRADING to ring of protection from cold.
  2580 | D:4      | 2580 ||| READING scroll labelled PICICE ULOLIURPH.
  2599 | D:4      | 2599 ||| READING scroll labelled CAFFEA LICH.
  2600 | D:4      | 2600 ||| READING 2 scrolls labelled HIXZOAL RAAMYE.
  2601 | D:4      | 2601 ||| READING scroll labelled JOQYNA ATUTU.
  2602 | D:4      | 2602 ||| READING scroll labelled VOTORASO GAUMO.
  2623 | D:5      | Entered Level 5 of the Dungeon
  2681 | D:5      | Found a staircase to the Ecumenical Temple.
  2682 | D:5      | 2682 ||| PLANNING TEMPLE
  2696 | Temple   | Entered the Ecumenical Temple
  2697 | Temple   | 2697 ||| PLANNING OKAWARU WORSHIP
  2718 | Temple   | Became a worshipper of Warmaster Okawaru
  2719 | Temple   | 2719 ||| PLANNING D:1-11
  2726 | D:5      | Noticed Pikel
  2735 | D:5      | HP: 3/38 [Pikel/bolt of acid (17)]
  2736 | D:5      | Slain by a lemure

Levels and vault maps discovered:
D:1:      dpeg_arrival_snail, layout_rooms, serial_shops, nicolae_shop_peninsula
D:2:      layout_rooms, serial_shops, shop, basic_altar,
          kennysheep_cross_bottleneck, nicolae_the_louvre
D:3:      layout_basic, basic_ecumenical_altar, minmay_distorted, uniq_robin
D:4:      layout_rooms, lemuel_doored_altar, jmf_multi_god_temple2,
          ebering_ghost_rock_garden
D:5:      layout_loops_cross, trog_wizard, minmay_temple_entry_purple_smoke,
          serial_glass, glass_columns_a, glass_columns_a, glass_columns_c,
          glass_columns_a, glass_columns_b, glass_columns_a, glass_columns_a,
          glass_columns_a, serial_shops, nicolae_shop_gaudy_bauble, uniq_pikel
Temple:   hellmonk_temple_two_chambers

Skill      XL: |  1  2  3  4  5  6 |
---------------+-------------------+-----
Ranged Weapons | 3 4 5 6 |  6.0
Fighting       | 2 3 |  3.9
Armour         | 1 |  1.1
Dodging        | |  1.5
Spellcasting   | |  1.0
Hexes          | |  2.6

Action                     |  1- 3 |  4- 6 || total
---------------------------+-------+-------++-------
   Fire: Sling             |   116 |   206 ||   322
    Use: Scroll            |     3 |     5 ||     8
         Potion            |       |     2 ||     2
 Armour: Robe              |    15 |       ||    15
         Ring mail         |     7 |    61 ||    68
  Dodge: Dodged            |    47 |   163 ||   210

Table legend:
 A = Non-vault XP
 B = Vault XP
 C = Vault XP percentage of total XP
 D = Non-vault monster count
 E = Vault monster count
 F = Vault count percentage of total count
                 A         B        C        D         E       F
            +---------+---------+-------+---------+---------+-------
      Total |     519 |      54 |   9.4 |      87 |      14 |  13.9
            +---------+---------+-------+---------+---------+-------
        D:1 |      54 |       0 |   0.0 |      31 |       0 |   0.0
        D:2 |      87 |      48 |  35.6 |      23 |      11 |  32.4
        D:3 |     112 |       6 |   5.1 |      17 |       3 |  15.0
        D:4 |     213 |       0 |   0.0 |      13 |       0 |   0.0
        D:5 |      53 |       0 |   0.0 |       3 |       0 |   0.0
            +---------+---------+-------+---------+---------+-------
